 Dungeon Sprint DCSS version 0.14-a0-59-gd5eeb80 (console) character file.

1991 Dalvant the Arsonist (level 8, 47/47 HPs)
             Began as a Deep Elf Fire Elementalist on Sept 30, 2013.
             Was a Priest of Sif Muna.
             Quit the game in the Dungeon (Sprint I: "Red Sonja").
             The game lasted 00:03:58 (726 turns).

Dalvant the Arsonist (Deep Elf Fire Elementalist)    Turns: 726, Time: 00:03:58

HP  47/47        AC  2     Str  5      XL: 8   Next: 63%
MP  13/25        EV 13     Int 23      God: Sif Muna [***...]
Gold 380         SH  0     Dex 15      Spells:  3 memorised, 11 levels left

Res.Fire  : . . .   See Invis. : .   h - +2,+0 dagger (drain)
Res.Cold  : . . .   Warding    : .   a - +0 elf robe
Life Prot.: . . .   Conserve   : .   (no shield)
Res.Poison: .       Res.Corr.  : .   (no helmet)
Res.Elec. : .       Clarity    : .   (no cloak)
Sust.Abil.: . .     Spirit.Shd : .   (no gloves)
Res.Mut.  : .       Prev.Telep.: +   (no boots)
Res.Rott. : .       Flight     : .   (no amulet)
Saprovore : . . .                    (no ring)
                                     (no ring)

@: somewhat resistant to hostile enchantments, quite stealthy
A: fast metabolism 1
a: Channel Energy, Forget Spell, Renounce Religion


You were in the Dungeon.
You worshipped Sif Muna.
Sif Muna was most pleased with you.
You were not hungry.

You visited 1 branch You collected 432 gold pieces.
You spent 72 gold pieces at shops.

Inventory:

Hand weapons
 h - a +2,+0 dagger of draining (weapon)
Armour
 a - a +0 elven robe (worn)
Scrolls
 i - a scroll of blinking
Potions
 d - a potion of curing
 e - a potion of heal wounds
 f - 2 potions of speed
 g - 2 potions of magic
Books
 b - a book of Flames

   Spells                             Type                      Level
   *Flame Tongue                      Conjuration/Fire             1
   Throw Flame                        Conjuration/Fire             2
   Conjure Flame                      Conjuration/Fire             3
   Inner Flame                        Hexes/Fire                   3
   *Sticky Flame                      Conjuration/Fire             4
   *Fireball                          Conjuration/Fire             5


   Skills:
 * Level 7.6 Fighting
 - Level 2.4 Dodging
 - Level 5.0 Stealth
 + Level 7.2 Spellcasting
 * Level 9.8 Conjurations
 + Level 14.2 Fire Magic


You had 11 spell levels left.
You knew the following spells:

 Your Spells              Type           Power        Failure   Level  Hunger
a - Flame Tongue          Conj/Fire      #####        1%          1    None
c - Sticky Flame          Conj/Fire      ######..     1%          4    ###....
v - Fireball              Conj/Fire      ######....   1%          5    ####...


Dungeon Overview and Level Annotations

Branches:
Dungeon (1/1)

Altars:
Fedhas
Makhleb
Sif Muna
Trog
Vehumet
Xom
Zin
the Shining One

Shops:
D *?[


Innate Abilities, Weirdness & Mutations

You have a fast metabolism.


Message History

The sticky flame hits the deep troll.
The deep troll is almost dead.
The deep troll is covered in liquid flames!
The deep troll burns!
You kill the deep troll!
Your Spellcasting skill gained 2 levels and is now at level 7!
Your Conjurations skill increases to level 9!
Your Fire Magic skill increases to level 14!
There is an open door here.
You now have 299 gold pieces (gained 27).
You now have 326 gold pieces (gained 27).
You now have 353 gold pieces (gained 27).
You now have 380 gold pieces (gained 27).
You open the door.
Found an animal skin and an orcish wizard hat.
Found Xaohey's Armour Emporium.
There is an open door here.
You see here an orcish wizard hat.
There is an entrance to Xaohey's Armour Emporium here.
Are you sure you want to abandon this character and quit the game? (Confirm with "yes".)

##########################
#<<#5.').#.)'..#__#..'...#
#<.§.)#..'..#%.'^.').#...#
#..#####'#####'#__####...+
#..####..# #.#### #####
#..#_.#### ##)#
#..#.....##+#..+
#⌠5#_.∩...'..._#
####.....##_.#'#
#_._._###'#)# ###
############.####+###[##
#∩........'...'.....'[@#
###++++####$)$##########
##.## #+#


There were no monsters in sight!

Vanquished Creatures
  A deep troll (D)
  A giant amoeba (D)
  Sonja (D)
  An elephant slug (D)
  2 kobold demonologists (D)
  Sigmund (D)
  An ogre (D)
  A jelly (D)
  Ijyb (D)
  A giant eyeball (D)
11 creatures vanquished.

Vanquished Creatures (others)
  A metal gargoyle (D)
1 creature vanquished.

Grand Total: 12 creatures vanquished

Notes
Turn   | Place    | Note
--------------------------------------------------------------
     0 | D        | Dalvant, the Deep Elf Fire Elementalist, began the quest for the Orb.
     0 | D        | Reached XP level 1. HP: 10/10 MP: 4/4
     1 | D        | Noticed Ijyb
    13 | D        | Killed Ijyb
    13 | D        | Reached skill level 1 in Fighting
    13 | D        | Reached skill level 5 in Fire Magic
    13 | D        | Reached XP level 2. HP: 15/15 MP: 0/6
    49 | D        | Killed a metal gargoyle
    57 | D        | Noticed an ogre
    62 | D        | Killed an ogre
    62 | D        | Reached skill level 7 in Fire Magic
    62 | D        | Reached XP level 3. HP: 19/19 MP: 5/9
    62 | D        | Reached XP level 4. HP: 24/24 MP: 6/12
    68 | D        | Learned a level 4 spell: Sticky Flame
   119 | D        | Noticed Sigmund
   124 | D        | Killed Sigmund
   124 | D        | Reached skill level 5 in Stealth
   124 | D        | Reached skill level 5 in Conjurations
   124 | D        | Reached skill level 8 in Fire Magic
   124 | D        | Reached XP level 5. HP: 27/29 MP: 6/15
   195 | D        | Found a deep blue altar of Sif Muna.
   195 | D        | Found a bloodstained altar of Trog.
   195 | D        | Found a deep blue altar of Sif Muna.
   195 | D        | Found a glowing golden altar of the Shining One.
   195 | D        | Noticed a giant amoeba
   197 | D        | Found a burning altar of Makhleb.
   198 | D        | Noticed a jelly
   199 | D        | Found a glowing silver altar of Zin.
   217 | D        | Killed a giant amoeba
   217 | D        | Reached skill level 5 in Fighting
   217 | D        | Reached skill level 11 in Fire Magic
   217 | D        | Reached XP level 6. HP: 32/36 MP: 11/18
   217 | D        | Reached XP level 7. HP: 35/40 MP: 12/20
   224 | D        | Learned a level 5 spell: Fireball
   237 | D        | Became a worshipper of Sif Muna the Loreminder
   271 | D        | Noticed a kobold demonologist
   273 | D        | Noticed a kobold demonologist
   273 | D        | Paralysed by a giant eyeball for 4 turns
   276 | D        | Noticed a smoke demon
   278 | D        | Noticed a sun demon
   278 | D        | Gained mutation: You have a fast metabolism. [a neqoxec]
   280 | D        | Killed a kobold demonologist
   280 | D        | Reached skill level 12 in Fire Magic
   306 | D        | Killed a kobold demonologist
   306 | D        | Acquired Sif Muna's first power
   340 | D        | Killed a jelly
   350 | D        | Found a burning altar of Makhleb.
   350 | D        | Found a blossoming altar of Fedhas.
   350 | D        | Found Rola's Magic Scroll Emporium.
   350 | D        | Found a shimmering altar of Xom.
   350 | D        | Found a radiant altar of Vehumet.
   350 | D        | Noticed an elephant slug
   371 | D        | Killed an elephant slug
   371 | D        | Reached skill level 5 in Spellcasting
   371 | D        | Reached skill level 13 in Fire Magic
   381 | D        | Found a bloodstained altar of Trog.
   640 | D        | Noticed Sonja
   642 | D        | Killed Sonja
   642 | D        | Acquired Sif Muna's second power
   642 | D        | Reached XP level 8. HP: 44/47 MP: 12/24
   650 | D        | Found Voanlot's Assorted Antiques.
   659 | D        | Bought a scroll labeled SKOUNN GIREYQAO for 25 gold pieces
   659 | D        | Bought a scroll labeled ASEJEUCLIO for 25 gold pieces
   659 | D        | Bought a smoky silvery potion for 22 gold pieces
   708 | D        | Noticed a deep troll
   711 | D        | Killed a deep troll
   711 | D        | Reached skill level 14 in Fire Magic
   722 | D        | Found Xaohey's Armour Emporium.
   726 | D        | Quit the game

Action                   |  1- 3 |  4- 6 |  7- 9 || total
-------------------------+-------+-------+-------++-------
Melee: Unarmed           |     7 |       |       ||     7
       Dagger            |       |       |     3 ||     3
 Cast: Flame Tongue      |     4 |     5 |    11 ||    20
       Sticky Flame      |       |     2 |     5 ||     7
       Fireball          |       |       |     5 ||     5
  Use: Potion            |     1 |       |     1 ||     2
       Scroll            |       |       |     2 ||     2
